Avalanche vs Capitals

Created - 3 novembre 2025 at 16:56

Goals
1 2 3 T
Avalanche 0 2 2 4
Capitals 2 0 1 3
Shots
1 2 3 T
Avalanche 6 8 19 33
Capitals 13 5 8 26

GoalsPenalties
1st period
1. Capitals , Damon Severson 1 (Joel Eriksson Ek 9, Adam Fantilli 6) at 0:08
2. Capitals , Jake Guentzel 5 (Damon Severson 6) at 5:43
No Penalty
2nd period
3. Avalanche , Quinton Byfield 3 (Brayden Schenn 8) at 14:42 (PP)
4. Avalanche , Will Cuylle 1 (Brayden Point 5) at 18:47
Samuel Girard (COL) for Roughing (Minor) at 1:23
Ryan McDonagh (COL) for Tripping (Minor) at 8:39
Kris Letang (WAS) for Interference (Minor) at 14:40
Will Cuylle (COL) for Cross-checking (Minor) at 16:25
3rd period
5. Capitals , Simon Holmstrom 3 (Adam Lowry 4) at 0:52
6. Avalanche , Alexey Toropchenko 1 (Jason Dickinson 4, Adam Edstrom 2) at 18:24
7. Avalanche , Adam Henrique 6 (Ryan McDonagh 4, Anthony Beauvillier 2) at 19:34
Zach Bogosian (WAS) for Roughing (Minor) at 6:52
Dmitri Voronkov (COL) for Interference (Minor) at 12:38
Goalie Stats
Arvid Soderblom (COL), 23 saves from 26 shots - (0,885), W, 2-1-0, 59:36 minutes
Sam Montembeault (WAS), 29 saves from 33 shots - (0,879), L, 4-5-1, 60:00 minutes
3 StarsOfficial
1 - Damon Severson (WAS)
2 - Alexey Toropchenko (COL)
3 - Quinton Byfield (COL)
Referees : Reid Anderson and Kendrick Nicholson
Linesman : Scott Driscoll and Travis Toomey
Game Note
No Game Note
Finance
Level 1 -- Attendance: 5760 (96,00%) -- Ticket Income $576,000
Level 2 -- Attendance: 3464 (69,28%) -- Ticket Income $242,480
Level 3 -- Attendance: 1939 (96,95%) -- Ticket Income $81,438
Level 4 -- Attendance: 3898 (97,45%) -- Ticket Income $97,450
Luxury Box -- Attendance: 932 (93,20%) -- Ticket Income $181,740
Game was played at the Washington Arena.
Total Attendance: 15993 (88,85%)
Total Ticket Income: $1,179,108
Other Income: $577,763
Total Income: $1,756,871



Team Name Goals Shots Shots Attemp Shots Blocked PIM HIT PP PK FO%
Avalanche 43362108301 / 2 (50%)056%
Capitals 32646124230 / 4 (0%)144%

Avalanche
Player Name POS G A P +/- PIM HIT SHT SB MP PP MP PP SHT PK MP PK SHT FO% FOT GA TA
000000000:000:0000:0000% 000
000000000:000:0000:0000% 000
Adam EdstromC/LW011100009:260:0000:0000% 100
Adam HenriqueC/LW/RW1011013016:390:0003:07063% 1600
Alexey ToropchenkoRW101101219:260:0000:0000% 020
Anthony BeauvillierC/LW/RW0111024015:560:0002:2600% 010
Brayden PointC/LW/RW0110002015:551:0100:27053% 1500
Brayden SchennC/LW/RW011-2023014:021:0000:03062% 1310
Dmitri VoronkovC/RW000-2221013:141:0100:000100% 120
Gustav ForslingD000-2001221:481:1704:0000% 010
Ivan BarbashevC/LW000-1042015:051:0100:0000% 100
Jason DickinsonC/LW0111011013:170:0003:26050% 401
Matt RoyD0001051121:340:0003:4500% 000
Nino NiederreiterLW/RW0001045013:270:0000:0000% 102
Quinton ByfieldC/RW1010031119:411:0014:0900% 011
Ryan McDonaghD0111211119:321:1703:0600% 000
Samuel GirardD0000201218:390:0001:0500% 001
Sean DurziD0001012116:220:4400:0000% 000
Vladislav GavrikovD000-1001122:060:4403:5600% 000
Will CuylleLW101-1232015:511:0002:14050% 220
Capitals
Player Name POS G A P +/- PIM HIT SHT SB MP PP MP PP SHT PK MP PK SHT FO% FOT GA TA
000000000:000:0000:0000% 000
000000000:000:0000:0000% 000
Adam FantilliC0111010016:083:0700:00046% 1300
Adam LowryC/LW011-1011014:530:1800:21054% 1300
Arttu HyryRW000001008:250:0000:0000% 000
Cam YorkD000-2000318:323:0901:3900% 000
Damon SeversonD1122011223:213:0901:3700% 010
Elias PetterssonC/LW0001010017:453:2600:4900% 120
Isac LundestromC/LW0000011011:161:0601:01067% 600
Jake GuentzelC/LW1010003017:353:4900:00027% 1500
Jake NeighboursLW000-1004115:050:3300:000100% 100
Joel ArmiaLW/RW000001209:510:0801:00050% 210
Joel Eriksson EkC/LW/RW0111045117:253:3300:21033% 301
Kirill KaprizovLW/RW0000000118:004:1000:0900% 000
Kris LetangD0002250224:404:4700:2200% 001
Kyle PalmieriLW/RW0000033016:483:3800:0000% 001
Lian BichselD000-2011013:530:0000:0000% 001
Oliver Ekman-LarssonD0000000122:444:4700:2200% 002
Simon HolmstromRW101-1035014:350:0000:2100% 010
Zach BogosianD0000200117:010:0000:0200% 004

Avalanche

5 vs 5 Forward
Line #Left WingCenterRight WingPHYDFOFWanted %Time %Time Play
1Ivan BarbashevBrayden PointQuinton Byfield0233429%14:30
2Will CuylleBrayden SchennDmitri Voronkov0233025%12:15
3Nino NiederreiterAdam HenriqueAnthony Beauvillier0322827%13:27
4Adam EdstromJason DickinsonAlexey Toropchenko032819%9:26
5 vs 5 Defense
Line #DefenseDefensePHYDFOFWanted %Time %Time Play
1Gustav ForslingVladislav Gavrikov0323234%16:47
2Ryan McDonaghSean Durzi0323233%16:08
3Matt RoySamuel Girard0322827%13:19
4Matt RoySamuel Girard03287%3:24
Power Play Forward
Line #Left WingCenterRight WingPHYDFOFWanted %Time %Time Play
1Ivan BarbashevBrayden PointDmitri Voronkov0145550%1:01
2Will CuylleBrayden SchennQuinton Byfield0144550%1:00
Power Play Defense
Line #DefenseDefensePHYDFOFWanted %Time %Time Play
1Gustav ForslingRyan McDonagh0235564%1:17
2Sean DurziVladislav Gavrikov0234536%0:44
Penalty Kill 4 Players Forward
Line #CenterWingPHYDFOFWanted %Time %Time Play
1Jason DickinsonQuinton Byfield0415560%4:46
2Adam HenriqueWill Cuylle0414540%3:10
Penalty Kill 4 Players Defense
Line #DefenseDefensePHYDFOFWanted %Time %Time Play
1Gustav ForslingRyan McDonagh0505552%4:09
2Vladislav GavrikovMatt Roy0504548%3:47
Penalty Kill 3 Players
Line #WingPHYDFOFWanted %Time %Time PlayDefenseDefensePHYDFOFWanted %Time %Time Play
1Jason Dickinson050550%0:00 Gustav ForslingVladislav Gavrikov050550%0:00
2Adam Henrique050450%0:00 Ryan McDonaghMatt Roy050450%0:00
4 vs 4 Forward
Line #CenterWingPHYDFOFWanted %Time %Time Play
1Brayden PointQuinton Byfield023550%0:00
2Brayden SchennWill Cuylle032450%0:00
4 vs 4 Defense
Line #DefensePHYDFOFWanted %Time %Time Play
1Vladislav GavrikovGustav Forsling032550%0:00
2Ryan McDonaghMatt Roy032450%0:00
Last Minutes Offensive
Left WingCenterRight WingDefenseDefense
Will CuylleBrayden PointQuinton ByfieldGustav ForslingRyan McDonagh
Last Minutes Defensive
Left WingCenterRight WingDefenseDefense
Jason DickinsonBrayden SchennAdam HenriqueGustav ForslingRyan McDonagh
Time
Total ForwardTotal DefenseLast Minutes OffensiveLast Minutes Defensive
60:00 60:00 0:000:25
Extra Forwards
Normal PowerPlayPenalty Kill
Brayden Schenn, Quinton Byfield, Ivan BarbashevDmitri Voronkov, Quinton ByfieldWill Cuylle
Extra Defensemen
Normal PowerPlayPenalty Kill
Samuel Girard, Matt Roy, Vladislav GavrikovSamuel Girard, Matt RoySamuel Girard
Penalty Shots
Brayden Point, Anthony Beauvillier, Brayden Schenn, Quinton Byfield, Adam Henrique
Goalie
Arvid Soderblom, Thatcher Demko
Custom OT Lines Forwards
Brayden Point, Dmitri Voronkov, Quinton Byfield, Ivan Barbashev, Brayden Schenn, Will Cuylle, Adam Henrique, Nino Niederreiter, Jason Dickinson, Anthony Beauvillier
Custom OT Lines Defensemen
Gustav Forsling, Ryan McDonagh, Vladislav Gavrikov, Matt Roy, Samuel Girard
Scratches
None

Capitals

5 vs 5 Forward
Line #Left WingCenterRight WingPHYDFOFWanted %Time %Time Play
1Elias PetterssonAdam FantilliJoel Eriksson Ek1133128%13:49
2Kirill KaprizovJake GuentzelKyle Palmieri1132927%13:10
3Jake NeighboursAdam LowrySimon Holmstrom1312729%14:14
4Joel ArmiaIsac LundestromArttu Hyry1311317%8:25
5 vs 5 Defense
Line #DefenseDefensePHYDFOFWanted %Time %Time Play
1Kris LetangDamon Severson1223737%18:18
2Oliver Ekman-LarssonZach Bogosian1223535%17:11
3Lian BichselCam York1222828%13:53
4Oliver Ekman-LarssonKris Letang12201%0:16
Power Play Forward
Line #Left WingCenterRight WingPHYDFOFWanted %Time %Time Play
1Elias PetterssonJoel Eriksson EkKirill Kaprizov0056054%4:18
2Jake GuentzelAdam FantilliKyle Palmieri0054046%3:38
Power Play Defense
Line #DefenseDefensePHYDFOFWanted %Time %Time Play
1Oliver Ekman-LarssonKris Letang1137060%4:47
2Cam YorkDamon Severson1133040%3:09
Penalty Kill 4 Players Forward
Line #CenterWingPHYDFOFWanted %Time %Time Play
1Isac LundestromJoel Armia1316083%1:40
2Adam LowrySimon Holmstrom1314017%0:21
Penalty Kill 4 Players Defense
Line #DefenseDefensePHYDFOFWanted %Time %Time Play
1Cam YorkZach Bogosian14060100%2:01
2Kris LetangDamon Severson140400%0:00
Penalty Kill 3 Players
Line #WingPHYDFOFWanted %Time %Time PlayDefenseDefensePHYDFOFWanted %Time %Time Play
1Isac Lundestrom140600%0:00 Cam YorkZach Bogosian140600%0:00
2Adam Lowry140400%0:00 Kris LetangDamon Severson140400%0:00
4 vs 4 Forward
Line #CenterWingPHYDFOFWanted %Time %Time Play
1Joel Eriksson EkJake Guentzel122600%0:00
2Elias PetterssonKirill Kaprizov122400%0:00
4 vs 4 Defense
Line #DefensePHYDFOFWanted %Time %Time Play
1Oliver Ekman-LarssonDamon Severson122600%0:00
2Zach BogosianKris Letang122400%0:00
Last Minutes Offensive
Left WingCenterRight WingDefenseDefense
Jake GuentzelElias PetterssonKirill KaprizovOliver Ekman-LarssonKris Letang
Last Minutes Defensive
Left WingCenterRight WingDefenseDefense
Isac LundestromJoel Eriksson EkJoel ArmiaZach BogosianCam York
Time
Total ForwardTotal DefenseLast Minutes OffensiveLast Minutes Defensive
60:00 60:00 0:250:00
Extra Forwards
Normal PowerPlayPenalty Kill
Jake Guentzel, Joel Eriksson Ek, Elias PetterssonJoel Eriksson Ek, Jake GuentzelJoel Armia
Extra Defensemen
Normal PowerPlayPenalty Kill
Oliver Ekman-Larsson, Damon Severson, Kris LetangKris Letang, Zach BogosianDamon Severson
Penalty Shots
Jake Guentzel, Kirill Kaprizov, Elias Pettersson, Jake Neighbours, Simon Holmstrom
Goalie
Sam Montembeault, Matt Murray
Custom OT Lines Forwards
Jake Guentzel, Kirill Kaprizov, Elias Pettersson, Joel Eriksson Ek, Jake Neighbours, Kyle Palmieri, Adam Fantilli, Adam Lowry, Simon Holmstrom, Isac Lundestrom
Custom OT Lines Defensemen
Oliver Ekman-Larsson, Cam York, Kris Letang, Damon Severson, Zach Bogosian
Scratches
P.O Joseph (Healthy)


Play-by-Play

1st period


0:01 of 1st period - Adam Fantilli wins face-off versus Brayden Point in neutral zone.
0:06 of 1st period - Snap shot by Joel Eriksson Ek.
0:06 of 1st period - Stopped by Arvid Soderblom with a rebound.
0:08 of 1st period - Slapshot by Damon Severson.
0:08 of 1st period - Deflect By Vladislav Gavrikov.
0:08 of 1st period - Goal by Damon Severson - Avalanche : 0 - Capitals : 1.
0:09 of 1st period - Brayden Schenn wins face-off versus Jake Guentzel in neutral zone.
0:56 of 1st period - Quinton Byfield is hit by Joel Eriksson Ek and loses puck.
1:07 of 1st period - Backhand shot by Brayden Point.
1:07 of 1st period - Stopped by Sam Montembeault without a rebound.
1:08 of 1st period - Isac Lundestrom wins face-off versus Jason Dickinson in Capitals zone.
1:53 of 1st period - Slapshot by Joel Armia.
1:53 of 1st period - Stopped by Arvid Soderblom without a rebound.
1:54 of 1st period - Brayden Point wins face-off versus Jake Guentzel in Avalanche zone.
2:21 of 1st period - Adam Henrique is hit by Joel Eriksson Ek and loses puck.
2:47 of 1st period - Will Cuylle is hit by Lian Bichsel and loses puck.
3:30 of 1st period - Oliver Ekman-Larsson is hit by Anthony Beauvillier and loses puck.
4:30 of 1st period - Off-side.
4:31 of 1st period - Adam Fantilli wins face-off versus Brayden Schenn in neutral zone.
4:34 of 1st period - Backhand shot by Joel Eriksson Ek.
4:34 of 1st period - Stopped by Arvid Soderblom with a rebound.
4:44 of 1st period - Snap shot by Brayden Schenn.
4:44 of 1st period - Stopped by Sam Montembeault without a rebound.
4:45 of 1st period - Brayden Point wins face-off versus Adam Lowry in Capitals zone.
5:00 of 1st period - Snap shot by Jake Neighbours.
5:00 of 1st period - Shot Blocked by Samuel Girard.
5:10 of 1st period - Adam Henrique is hit by Elias Pettersson and loses puck.
5:37 of 1st period - Wrist shot by Jake Guentzel.
5:37 of 1st period - Shot Blocked by Gustav Forsling.
5:43 of 1st period - Snap shot by Jake Guentzel.
5:43 of 1st period - Goal by Jake Guentzel - Avalanche : 0 - Capitals : 2.
5:44 of 1st period - Brayden Point wins face-off versus Adam Lowry in neutral zone.
6:58 of 1st period - Kyle Palmieri is hit by Dmitri Voronkov and loses puck.
7:55 of 1st period - Snap shot by Alexey Toropchenko.
7:55 of 1st period - Shot Misses the Net.
7:59 of 1st period - Wrist shot by Adam Edstrom.
7:59 of 1st period - Shot Misses the Net.
8:01 of 1st period - Snap shot by Adam Edstrom.
8:01 of 1st period - Shot Misses the Net.
8:17 of 1st period - Slapshot by Simon Holmstrom.
8:17 of 1st period - Shot Blocked by Gustav Forsling.
8:50 of 1st period - Wrist shot by Anthony Beauvillier.
8:50 of 1st period - Stopped by Sam Montembeault without a rebound.
8:51 of 1st period - Jake Guentzel wins face-off versus Adam Henrique in Capitals zone.
8:56 of 1st period - Kris Letang is hit by Anthony Beauvillier and loses puck.
9:42 of 1st period - Will Cuylle is hit by Joel Eriksson Ek and loses puck.
10:12 of 1st period - Samuel Girard is hit by Arttu Hyry and loses puck.
10:35 of 1st period - Kyle Palmieri is hit by Nino Niederreiter.
11:01 of 1st period - Snap shot by Simon Holmstrom.
11:01 of 1st period - Stopped by Arvid Soderblom with a rebound.
11:07 of 1st period - Adam Lowry is hit by Sean Durzi and loses puck.
11:24 of 1st period - Wrist shot by Jason Dickinson.
11:24 of 1st period - Stopped by Sam Montembeault with a rebound.
11:38 of 1st period - Snap shot by Simon Holmstrom.
11:38 of 1st period - Deflect By Jake Neighbours.
11:38 of 1st period - Shot Blocked by Alexey Toropchenko.
11:38 of 1st period - Puck is out of play.
11:39 of 1st period - Dmitri Voronkov wins face-off versus Adam Fantilli in Avalanche zone.
12:15 of 1st period - Wrist shot by Kyle Palmieri.
12:15 of 1st period - Stopped by Arvid Soderblom with a rebound.
12:17 of 1st period - Snap shot by Kyle Palmieri.
12:17 of 1st period - Stopped by Arvid Soderblom without a rebound.
12:18 of 1st period - Adam Henrique wins face-off versus Adam Fantilli in Avalanche zone.
12:41 of 1st period - Icing by Nino Niederreiter.
12:42 of 1st period - Adam Henrique wins face-off versus Jake Guentzel in Avalanche zone.
13:54 of 1st period - Adam Lowry is hit by Nino Niederreiter and loses puck.
14:17 of 1st period - Wrist shot by Dmitri Voronkov.
14:17 of 1st period - Stopped by Sam Montembeault with a rebound.
14:37 of 1st period - Joel Eriksson Ek is hit by Matt Roy.
14:45 of 1st period - Snap shot by Joel Eriksson Ek.
14:45 of 1st period - Stopped by Arvid Soderblom with a rebound.
16:10 of 1st period - Oliver Ekman-Larsson is hit by Matt Roy and loses puck.
16:45 of 1st period - Wrist shot by Nino Niederreiter.
16:45 of 1st period - Deflect By Joel Armia.
16:45 of 1st period - Shot Blocked by Damon Severson.
16:45 of 1st period - Puck is out of play.
16:46 of 1st period - Isac Lundestrom wins face-off versus Adam Henrique in Capitals zone.
16:51 of 1st period - Samuel Girard is hit by Kris Letang and loses puck.
17:14 of 1st period - Slapshot by Isac Lundestrom.
17:14 of 1st period - Shot Misses the Net.
17:16 of 1st period - Snap shot by Joel Armia.
17:16 of 1st period - Stopped by Arvid Soderblom with a rebound.
17:18 of 1st period - Wrist shot by Arttu Hyry.
17:18 of 1st period - Shot Blocked by Matt Roy.
17:24 of 1st period - Snap shot by Arttu Hyry.
17:24 of 1st period - Shot Misses the Net.
18:02 of 1st period - Wrist shot by Anthony Beauvillier.
18:02 of 1st period - Stopped by Sam Montembeault without a rebound.
18:03 of 1st period - Adam Fantilli wins face-off versus Brayden Point in Capitals zone.
18:10 of 1st period - Wrist shot by Joel Eriksson Ek.
18:10 of 1st period - Stopped by Arvid Soderblom with a rebound.
18:12 of 1st period - Slapshot by Lian Bichsel.
18:12 of 1st period - Stopped by Arvid Soderblom with a rebound.
18:14 of 1st period - Slapshot by Cam York.
18:14 of 1st period - Shot Misses the Net.
18:16 of 1st period - Slapshot by Joel Eriksson Ek.
18:16 of 1st period - Stopped by Arvid Soderblom without a rebound.
18:17 of 1st period - Will Cuylle wins face-off versus Jake Guentzel in Avalanche zone.
18:31 of 1st period - Icing by Zach Bogosian.
18:32 of 1st period - Brayden Point wins face-off versus Jake Guentzel in Capitals zone.
19:03 of 1st period - Snap shot by Simon Holmstrom.
19:03 of 1st period - Shot Blocked by Vladislav Gavrikov.
19:09 of 1st period - Slapshot by Simon Holmstrom.
19:09 of 1st period - Shot Misses the Net.
Goals for this period are 0 for Avalanche vs 2 for Capitals.
Shots for this period are 6 for Avalanche vs 13 for Capitals.

2nd period


0:01 of 2nd period - Adam Lowry wins face-off versus Ivan Barbashev in neutral zone.
0:59 of 2nd period - Snap shot by Jason Dickinson.
0:59 of 2nd period - Shot Blocked by Kirill Kaprizov.
1:23 of 2nd period - Minor Penalty to Samuel Girard for Roughing.
1:24 of 2nd period - Jason Dickinson wins face-off versus Joel Eriksson Ek in Avalanche zone.
1:24 of 2nd period - Jason Dickinson is hit by Kris Letang.
2:29 of 2nd period - Jason Dickinson is hit by Damon Severson and loses puck.
3:23 of 2nd period - Penalty to Samuel Girard is over, Samuel Girard is back on ice.
3:36 of 2nd period - Brayden Schenn is hit by Isac Lundestrom and loses puck.
3:47 of 2nd period - Adam Henrique is hit by Simon Holmstrom and loses puck.
4:13 of 2nd period - Simon Holmstrom is hit by Ivan Barbashev and loses puck.
4:58 of 2nd period - Damon Severson is hit by Ivan Barbashev and loses puck.
6:03 of 2nd period - Joel Armia is hit by Matt Roy.
6:07 of 2nd period - Joel Armia is hit by Will Cuylle and loses puck.
6:28 of 2nd period - Snap shot by Anthony Beauvillier.
6:28 of 2nd period - Stopped by Sam Montembeault with a rebound.
6:30 of 2nd period - Backhand shot by Sean Durzi.
6:30 of 2nd period - Stopped by Sam Montembeault without a rebound.
6:31 of 2nd period - Brayden Point wins face-off versus Jake Guentzel in Capitals zone.
6:58 of 2nd period - Gustav Forsling is hit by Adam Lowry and loses puck.
7:16 of 2nd period - Off-side.
7:17 of 2nd period - Adam Fantilli wins face-off versus Brayden Schenn in neutral zone.
7:32 of 2nd period - Snap shot by Will Cuylle.
7:32 of 2nd period - Stopped by Sam Montembeault with a rebound.
7:42 of 2nd period - Adam Fantilli is hit by Alexey Toropchenko.
8:39 of 2nd period - Minor Penalty to Ryan McDonagh for Tripping.
8:40 of 2nd period - Adam Henrique wins face-off versus Isac Lundestrom in Avalanche zone.
10:39 of 2nd period - Penalty to Ryan McDonagh is over, Ryan McDonagh is back on ice.
11:05 of 2nd period - Brayden Schenn is hit by Joel Armia and loses puck.
12:24 of 2nd period - Off-side.
12:25 of 2nd period - Isac Lundestrom wins face-off versus Adam Henrique in neutral zone.
12:32 of 2nd period - Wrist shot by Isac Lundestrom.
12:32 of 2nd period - Stopped by Arvid Soderblom without a rebound.
12:33 of 2nd period - Brayden Point wins face-off versus Isac Lundestrom in Avalanche zone.
13:00 of 2nd period - Will Cuylle is hit by Kris Letang and loses puck.
13:23 of 2nd period - Snap shot by Nino Niederreiter.
13:23 of 2nd period - Stopped by Sam Montembeault without a rebound.
13:24 of 2nd period - Adam Henrique wins face-off versus Adam Lowry in Capitals zone.
13:37 of 2nd period - Snap shot by Adam Lowry.
13:37 of 2nd period - Stopped by Arvid Soderblom with a rebound.
13:39 of 2nd period - Wrist shot by Jake Neighbours.
13:39 of 2nd period - Stopped by Arvid Soderblom with a rebound.
13:49 of 2nd period - Jake Guentzel is hit by Quinton Byfield.
14:09 of 2nd period - Ivan Barbashev is hit by Kris Letang and loses puck.
14:16 of 2nd period - Snap shot by Isac Lundestrom.
14:16 of 2nd period - Shot Misses the Net.
14:28 of 2nd period - Snap shot by Brayden Point.
14:28 of 2nd period - Shot Blocked by Zach Bogosian.
14:32 of 2nd period - Snap shot by Brayden Point.
14:32 of 2nd period - Stopped by Sam Montembeault without a rebound.
14:33 of 2nd period - Brayden Schenn wins face-off versus Jake Guentzel in Capitals zone.
14:38 of 2nd period - Snap shot by Brayden Schenn.
14:38 of 2nd period - Shot Blocked by Kris Letang.
14:40 of 2nd period - Minor Penalty to Kris Letang for Interference.
14:41 of 2nd period - Brayden Schenn wins face-off versus Joel Armia in Capitals zone.
14:42 of 2nd period - Backhand shot by Quinton Byfield.
14:42 of 2nd period - Goal by Quinton Byfield - Avalanche : 1 - Capitals : 2.
14:43 of 2nd period - Brayden Schenn wins face-off versus Jake Guentzel in neutral zone.
15:14 of 2nd period - Wrist shot by Ivan Barbashev.
15:14 of 2nd period - Shot Misses the Net.
15:33 of 2nd period - Adam Lowry is hit by Nino Niederreiter and loses puck.
16:25 of 2nd period - Minor Penalty to Will Cuylle for Cross-checking.
16:26 of 2nd period - Joel Eriksson Ek wins face-off versus Jason Dickinson in Avalanche zone.
17:01 of 2nd period - Slapshot by Kyle Palmieri.
17:01 of 2nd period - Shot Misses the Net.
18:25 of 2nd period - Penalty to Will Cuylle is over, Will Cuylle is back on ice.
18:45 of 2nd period - Slapshot by Will Cuylle.
18:45 of 2nd period - Shot Blocked by Cam York.
18:47 of 2nd period - Wrist shot by Will Cuylle.
18:47 of 2nd period - Goal by Will Cuylle - Avalanche : 2 - Capitals : 2.
18:48 of 2nd period - Adam Lowry wins face-off versus Will Cuylle in neutral zone.
19:19 of 2nd period - Snap shot by Anthony Beauvillier.
19:19 of 2nd period - Stopped by Sam Montembeault with a rebound.
19:21 of 2nd period - Wrist shot by Nino Niederreiter.
19:21 of 2nd period - Shot Blocked by Damon Severson.
19:23 of 2nd period - Snap shot by Anthony Beauvillier.
19:23 of 2nd period - Deflect By Nino Niederreiter.
19:23 of 2nd period - Shot Blocked by Joel Eriksson Ek.
19:23 of 2nd period - Puck is out of play.
19:24 of 2nd period - Brayden Point wins face-off versus Jake Guentzel in Capitals zone.
19:25 of 2nd period - Wrist shot by Quinton Byfield.
19:25 of 2nd period - Shot Misses the Net.
19:35 of 2nd period - Snap shot by Jake Guentzel.
19:35 of 2nd period - Stopped by Arvid Soderblom with a rebound.
19:39 of 2nd period - Wrist shot by Jake Guentzel.
19:39 of 2nd period - Stopped by Arvid Soderblom with a rebound.
19:41 of 2nd period - Slapshot by Zach Bogosian.
19:41 of 2nd period - Shot Misses the Net.
Goals for this period are 2 for Avalanche vs 0 for Capitals.
Shots for this period are 8 for Avalanche vs 5 for Capitals.

3rd period


0:01 of 3rd period - Adam Fantilli wins face-off versus Brayden Schenn in neutral zone.
0:16 of 3rd period - Wrist shot by Dmitri Voronkov.
0:16 of 3rd period - Shot Misses the Net.
0:26 of 3rd period - Matt Roy is hit by Kris Letang and loses puck.
0:39 of 3rd period - Wrist shot by Kyle Palmieri.
0:39 of 3rd period - Stopped by Arvid Soderblom without a rebound.
0:40 of 3rd period - Adam Lowry wins face-off versus Brayden Schenn in Avalanche zone.
0:41 of 3rd period - Wrist shot by Simon Holmstrom.
0:41 of 3rd period - Stopped by Arvid Soderblom with a rebound.
0:46 of 3rd period - Icing by Gustav Forsling.
0:47 of 3rd period - Adam Lowry wins face-off versus Brayden Schenn in Avalanche zone.
0:52 of 3rd period - Wrist shot by Simon Holmstrom.
0:52 of 3rd period - Goal by Simon Holmstrom - Avalanche : 2 - Capitals : 3.
0:53 of 3rd period - Brayden Schenn wins face-off versus Adam Fantilli in neutral zone.
1:00 of 3rd period - Slapshot by Samuel Girard.
1:00 of 3rd period - Deflect By Dmitri Voronkov.
1:00 of 3rd period - Shot Blocked by Kris Letang.
1:00 of 3rd period - Puck is out of play.
1:01 of 3rd period - Brayden Schenn wins face-off versus Adam Fantilli in Capitals zone.
1:06 of 3rd period - Wrist shot by Brayden Schenn.
1:06 of 3rd period - Stopped by Sam Montembeault without a rebound.
1:07 of 3rd period - Jake Guentzel wins face-off versus Brayden Point in Capitals zone.
1:38 of 3rd period - Damon Severson is hit by Brayden Schenn and loses puck.
1:45 of 3rd period - Snap shot by Brayden Schenn.
1:45 of 3rd period - Deflect By Simon Holmstrom.
1:45 of 3rd period - Shot Misses the Net.
1:45 of 3rd period - Puck is out of play.
1:46 of 3rd period - Adam Henrique wins face-off versus Adam Fantilli in Capitals zone.
1:53 of 3rd period - Snap shot by Nino Niederreiter.
1:53 of 3rd period - Shot Misses the Net.
1:55 of 3rd period - Slapshot by Nino Niederreiter.
1:55 of 3rd period - Shot Blocked by Cam York.
1:57 of 3rd period - Slapshot by Vladislav Gavrikov.
1:57 of 3rd period - Shot Misses the Net.
1:59 of 3rd period - Backhand shot by Nino Niederreiter.
1:59 of 3rd period - Shot Misses the Net.
2:01 of 3rd period - Snap shot by Vladislav Gavrikov.
2:01 of 3rd period - Stopped by Sam Montembeault with a rebound.
2:11 of 3rd period - Brayden Schenn is hit by Kyle Palmieri and loses puck.
2:20 of 3rd period - Kyle Palmieri is hit by Matt Roy and loses puck.
3:01 of 3rd period - Snap shot by Elias Pettersson.
3:01 of 3rd period - Shot Blocked by Ryan McDonagh.
3:15 of 3rd period - Elias Pettersson is hit by Ivan Barbashev.
4:15 of 3rd period - Adam Lowry is hit by Jason Dickinson.
4:29 of 3rd period - Joel Eriksson Ek is hit by Quinton Byfield and loses puck.
4:46 of 3rd period - Slapshot by Nino Niederreiter.
4:46 of 3rd period - Stopped by Sam Montembeault without a rebound.
4:47 of 3rd period - Isac Lundestrom wins face-off versus Nino Niederreiter in Capitals zone.
5:00 of 3rd period - Backhand shot by Sean Durzi.
5:00 of 3rd period - Stopped by Sam Montembeault with a rebound.
5:02 of 3rd period - Snap shot by Nino Niederreiter.
5:02 of 3rd period - Deflect By Cam York.
5:02 of 3rd period - Shot Misses the Net.
5:02 of 3rd period - Puck is out of play.
5:03 of 3rd period - Brayden Point wins face-off versus Jake Guentzel in Capitals zone.
5:12 of 3rd period - Wrist shot by Brayden Point.
5:12 of 3rd period - Shot Misses the Net.
5:14 of 3rd period - Slapshot by Matt Roy.
5:14 of 3rd period - Stopped by Sam Montembeault with a rebound.
5:16 of 3rd period - Slapshot by Ivan Barbashev.
5:16 of 3rd period - Stopped by Sam Montembeault with a rebound.
5:18 of 3rd period - Wrist shot by Brayden Point.
5:18 of 3rd period - Shot Misses the Net.
5:20 of 3rd period - Snap shot by Ivan Barbashev.
5:20 of 3rd period - Stopped by Sam Montembeault with a rebound.
5:30 of 3rd period - Dmitri Voronkov is hit by Joel Eriksson Ek.
5:34 of 3rd period - Backhand shot by Samuel Girard.
5:34 of 3rd period - Deflect By Joel Eriksson Ek.
5:34 of 3rd period - Stopped by Sam Montembeault with a rebound.
5:56 of 3rd period - Wrist shot by Jake Neighbours.
5:56 of 3rd period - Stopped by Arvid Soderblom with a rebound.
6:00 of 3rd period - Slapshot by Jake Neighbours.
6:00 of 3rd period - Stopped by Arvid Soderblom without a rebound.
6:01 of 3rd period - Jake Guentzel wins face-off versus Brayden Point in Avalanche zone.
6:36 of 3rd period - Wrist shot by Brayden Schenn.
6:36 of 3rd period - Stopped by Sam Montembeault without a rebound.
6:37 of 3rd period - Adam Henrique wins face-off versus Adam Fantilli in Capitals zone.
6:38 of 3rd period - Wrist shot by Nino Niederreiter.
6:38 of 3rd period - Stopped by Sam Montembeault without a rebound.
6:39 of 3rd period - Adam Henrique wins face-off versus Adam Fantilli in Capitals zone.
6:48 of 3rd period - Slapshot by Anthony Beauvillier.
6:48 of 3rd period - Deflect By Adam Henrique.
6:48 of 3rd period - Stopped by Sam Montembeault without a rebound.
6:49 of 3rd period - Jake Guentzel wins face-off versus Brayden Point in Capitals zone.
6:49 of 3rd period - Jake Guentzel is hit by Matt Roy.
6:52 of 3rd period - Minor Penalty to Zach Bogosian for Roughing.
6:53 of 3rd period - Joel Armia wins face-off versus Brayden Point in Capitals zone.
6:53 of 3rd period - Joel Armia is hit by Ivan Barbashev.
7:06 of 3rd period - Isac Lundestrom is hit by Dmitri Voronkov.
7:20 of 3rd period - Joel Armia is hit by Will Cuylle.
8:52 of 3rd period - Penalty to Zach Bogosian is over, Zach Bogosian is back on ice.
9:21 of 3rd period - Vladislav Gavrikov is hit by Simon Holmstrom.
10:27 of 3rd period - Off-side.
10:28 of 3rd period - Brayden Schenn wins face-off versus Jake Guentzel in neutral zone.
10:39 of 3rd period - Kirill Kaprizov is hit by Will Cuylle and loses puck.
10:52 of 3rd period - Ivan Barbashev is hit by Simon Holmstrom and loses puck.
11:19 of 3rd period - Kris Letang is hit by Ryan McDonagh and loses puck.
11:32 of 3rd period - Matt Roy is hit by Adam Fantilli and loses puck.
11:45 of 3rd period - Kyle Palmieri is hit by Nino Niederreiter and loses puck.
12:30 of 3rd period - Wrist shot by Jake Neighbours.
12:30 of 3rd period - Stopped by Arvid Soderblom with a rebound.
12:32 of 3rd period - Slapshot by Lian Bichsel.
12:32 of 3rd period - Shot Misses the Net.
12:38 of 3rd period - Minor Penalty to Dmitri Voronkov for Interference.
12:39 of 3rd period - Jason Dickinson wins face-off versus Joel Eriksson Ek in Avalanche zone.
13:28 of 3rd period - Kirill Kaprizov is hit by Adam Henrique and loses puck.
14:09 of 3rd period - Anthony Beauvillier is hit by Kyle Palmieri and loses puck.
14:38 of 3rd period - Penalty to Dmitri Voronkov is over, Dmitri Voronkov is back on ice.
14:48 of 3rd period - Snap shot by Jake Neighbours.
14:48 of 3rd period - Shot Blocked by Sean Durzi.
14:50 of 3rd period - Slapshot by Lian Bichsel.
14:50 of 3rd period - Deflect By Simon Holmstrom.
14:50 of 3rd period - Stopped by Arvid Soderblom with a rebound.
14:52 of 3rd period - Wrist shot by Adam Lowry.
14:52 of 3rd period - Deflect By Jake Neighbours.
14:52 of 3rd period - Shot Blocked by Quinton Byfield.
14:52 of 3rd period - Puck is out of play.
14:53 of 3rd period - Adam Lowry wins face-off versus Brayden Point in Avalanche zone.
14:54 of 3rd period - Backhand shot by Simon Holmstrom.
14:54 of 3rd period - Shot Misses the Net.
15:04 of 3rd period - Slapshot by Jake Neighbours.
15:04 of 3rd period - Deflect By Simon Holmstrom.
15:04 of 3rd period - Stopped by Arvid Soderblom with a rebound.
15:06 of 3rd period - Slapshot by Cam York.
15:06 of 3rd period - Deflect By Simon Holmstrom.
15:06 of 3rd period - Shot Blocked by Samuel Girard.
15:06 of 3rd period - Puck is out of play.
15:07 of 3rd period - Adam Henrique wins face-off versus Adam Lowry in Avalanche zone.
15:15 of 3rd period - Icing by Simon Holmstrom.
15:16 of 3rd period - Adam Lowry wins face-off versus Adam Henrique in Capitals zone.
15:23 of 3rd period - Snap shot by Adam Henrique.
15:23 of 3rd period - Shot Blocked by Cam York.
15:25 of 3rd period - Snap shot by Anthony Beauvillier.
15:25 of 3rd period - Shot Misses the Net.
15:27 of 3rd period - Snap shot by Nino Niederreiter.
15:27 of 3rd period - Stopped by Sam Montembeault without a rebound.
15:28 of 3rd period - Jake Neighbours wins face-off versus Adam Henrique in Capitals zone.
15:35 of 3rd period - Slapshot by Nino Niederreiter.
15:35 of 3rd period - Stopped by Sam Montembeault without a rebound.
15:36 of 3rd period - Adam Henrique wins face-off versus Adam Lowry in Capitals zone.
15:41 of 3rd period - Wrist shot by Adam Henrique.
15:41 of 3rd period - Stopped by Sam Montembeault without a rebound.
15:42 of 3rd period - Adam Henrique wins face-off versus Adam Lowry in Capitals zone.
16:18 of 3rd period - Damon Severson is hit by Quinton Byfield and loses puck.
17:10 of 3rd period - Icing by Jason Dickinson.
17:11 of 3rd period - Adam Lowry wins face-off versus Adam Edstrom in Avalanche zone.
17:12 of 3rd period - Snap shot by Jake Neighbours.
17:12 of 3rd period - Shot Misses the Net.
17:50 of 3rd period - Wrist shot by Adam Edstrom.
17:50 of 3rd period - Deflect By Alexey Toropchenko.
17:50 of 3rd period - Stopped by Sam Montembeault with a rebound.
17:52 of 3rd period - Wrist shot by Adam Edstrom.
17:52 of 3rd period - Shot Misses the Net.
17:54 of 3rd period - Slapshot by Gustav Forsling.
17:54 of 3rd period - Stopped by Sam Montembeault with a rebound.
18:00 of 3rd period - Avalanche, Arvid Soderblom is pulled from the net.
18:12 of 3rd period - Slapshot by Alexey Toropchenko.
18:12 of 3rd period - Shot Blocked by Jake Neighbours.
18:18 of 3rd period - Wrist shot by Jason Dickinson.
18:18 of 3rd period - Shot Blocked by Oliver Ekman-Larsson.
18:22 of 3rd period - Snap shot by Alexey Toropchenko.
18:22 of 3rd period - Shot Misses the Net.
18:24 of 3rd period - Slapshot by Alexey Toropchenko.
18:24 of 3rd period - Goal by Alexey Toropchenko - Avalanche : 3 - Capitals : 3.
18:24 of 3rd period - Arvid Soderblom from Avalanche was sent back in the game.
18:25 of 3rd period - Adam Fantilli wins face-off versus Adam Henrique in neutral zone.
18:52 of 3rd period - Adam Henrique is hit by Kyle Palmieri and loses puck.
19:30 of 3rd period - Snap shot by Anthony Beauvillier.
19:30 of 3rd period - Shot Misses the Net.
19:32 of 3rd period - Slapshot by Ryan McDonagh.
19:32 of 3rd period - Stopped by Sam Montembeault with a rebound.
19:34 of 3rd period - Wrist shot by Adam Henrique.
19:34 of 3rd period - Goal by Adam Henrique - Avalanche : 4 - Capitals : 3.
19:35 of 3rd period - Brayden Schenn wins face-off versus Elias Pettersson in neutral zone.
19:42 of 3rd period - Elias Pettersson is hit by Brayden Schenn and loses puck.
Goals for this period are 2 for Avalanche vs 1 for Capitals.
Shots for this period are 19 for Avalanche vs 8 for Capitals.